 Dungeon Crawl Stone Soup version 0.17-a0-2069-g0f4ee5b (webtiles) character file.

331 pk666 the Covered (level 6, -1/56 HPs)
             Began as a Minotaur Fighter on Oct 13, 2015.
             Slain by Grinder (2 damage)
             ... on level 3 of the Dungeon.
             The game lasted 00:03:54 (1941 turns).

pk666 the Covered (Minotaur Fighter)                Turns: 1941, Time: 00:03:54

Health: -1/56      AC:  7    Str: 22    XL:     6   Next: 26%
Magic:  5/5        EV:  7    Int:  5    God:
Gold:   99         SH:  9    Dex: 10    Spells: 0 memorised, 5 levels left

rFire  . . .     SeeInvis .     a - +0 war axe
rCold  . . .     Clarity  .     b - +0 scale mail
rNeg   . . .     SustAt   .     c - +0 shield
rPois  .         Gourm    .     (helmet restricted)
rElec  .         Spirit   .     (no cloak)
rCorr  .         Warding  .     (no gloves)
rMut   .         Stasis   +     (no boots)
MR     .....                    h - amulet of stasis
Stlth  +.........               (no ring)
                                o - ring of stealth

@: not resistant to hostile enchantments, very unstealthy
A: retaliatory headbutt, horns 2
a: no special abilities


You were on level 3 of the Dungeon.
You were hungry.

You visited 1 branch of the dungeon, and saw 3 of its levels.

You collected 99 gold pieces.

Inventory:

Hand Weapons
 a - a +0 war axe (weapon)
Armour
 b - a +0 scale mail (worn)
 c - a +0 shield (worn)
Jewellery
 h - an amulet of stasis (around neck)
 o - a ring of stealth (left hand)
Scrolls
 e - a scroll of enchant weapon {unknown}
 f - a scroll of magic mapping {unknown}
 l - 4 scrolls of remove curse {unknown}
 m - 2 scrolls of teleportation {unknown}
 n - a scroll of identify {unknown}
 p - a scroll of noise {unknown}
 q - a scroll of amnesia {unknown}
Potions
 d - 2 potions of might
 g - a potion of curing {unknown}
 i - a potion of heal wounds {unknown}
 j - 2 potions of agility {unknown}
 k - a potion of ambrosia {unknown}
 r - a potion of poison {unknown}
 s - a potion of flight {unknown}
 t - a potion of brilliance {unknown}
Comestibles
 x - 3 bread rations


   Skills:
 + Level 5.6 Fighting
 + Level 5.1 Axes
 + Level 5.7 Armour
 - Level 3.6 Shields


You had 5 spell levels left.
You didn't know any spells.

Dungeon Overview and Level Annotations

Branches:
Dungeon (3/15)

Altars:
Fedhas

Annotations:
D:3 Grinder


Innate Abilities, Weirdness & Mutations

You reflexively headbutt those who attack you in melee.
You have a pair of horns on your head.


Message History

You are too injured to fight recklessly!
You are too injured to fight recklessly!
You are too injured to fight recklessly!
You are too injured to fight recklessly!
You hit Grinder.
Grinder is almost dead.
Grinder says, "Don't move a muscle."
Grinder gestures at you. Pain shoots through your body!
* * * LOW HITPOINT WARNING * * *
You closely miss Grinder.
Grinder is almost dead.
Grinder hits you.
* * * LOW HITPOINT WARNING * * *
You writhe in agony.
* * * LOW HITPOINT WARNING * * *
Grinder hits you.
* * * LOW HITPOINT WARNING * * *
You writhe in agony.
You die...

.#####.#....##.#
.......#.......#
.##.#####...####
.#### #...# .####
#...#
....#####...#######
###...†...........##
# #................#
###............5@..#
#
....#####.[.######.#
.# ##### #...#
#.##.##.# #..)#
#........ #...#
#........ #...#
#.##.#...
#...######.# ..(..
#.......##.# ##[#
#..####.##.# #


You could see Grinder.

Vanquished Creatures
  The ghost of pk666 the Covered, an amateur MiFi of Okawaru (D:3)
  Ijyb (D:3)
  An orc priest (D:3)
  An orc wizard (D:3)
  A worker ant (D:3)
  Natasha (D:3)
  7 adders
  3 orcs (D:3)
  4 giant cockroaches
  6 goblins
  4 hobgoblins (D:2)
  4 kobolds
  6 bats
  3 giant newts
  11 rats
54 creatures vanquished.

Notes
Turn   | Place    | Note
--------------------------------------------------------------
     0 | D:1      | pk666 the Minotaur Fighter began the quest for the Orb.
     0 | D:1      | Reached XP level 1. HP: 19/19 MP: 0/0
   298 | D:1      | Reached XP level 2. HP: 24/27 MP: 1/1
   545 | D:2      | Reached skill level 4 in Armour
   656 | D:2      | Reached XP level 3. HP: 28/33 MP: 2/2
   937 | D:2      | Reached XP level 4. HP: 39/41 MP: 3/3
   972 | D:2      | Found a blossoming altar of Fedhas.
  1117 | D:3      | Noticed Ijyb
  1135 | D:3      | Killed Ijyb
  1228 | D:3      | Noticed Natasha
  1237 | D:3      | Killed Natasha
  1237 | D:3      | Reached skill level 5 in Fighting
  1237 | D:3      | Reached XP level 5. HP: 32/48 MP: 4/4
  1282 | D:3      | Reached skill level 5 in Armour
  1580 | D:3      | Noticed pk666's ghost (amateur MiFi)
  1608 | D:3      | Killed pk666's ghost
  1608 | D:3      | Reached skill level 5 in Axes
  1608 | D:3      | Reached XP level 6. HP: 22/56 MP: 5/5
  1915 | D:3      | Noticed Grinder
  1941 | D:3      | HP: 1/56 [Grinder (3)]
  1941 | D:3      | Slain by Grinder

Vault maps used:
D:1:      dpeg_arrival_water_temple_mockup
D:2:      lemuel_coloured_pillars_altar, first_bread
D:3:      kennysheep_generic_room_15, uniq_grinder, uniq_natasha, uniq_iyjb

Action                   |  1- 3 |  4- 6 || total
-------------------------+-------+-------++-------
Melee: War axe           |    80 |    89 ||   169
  Eat: Chunk             |       |     3 ||     3
